cohdb
Replays
Latest Replays
All Replays
Popular Replays
Top Player Replays
Match Explorer
How It Works
Community
CoH3 Stats
Reddit
Sign in to upload your games and track your stats! →
Sign in with Steam
Match 26478543
Unlisted
Match 26478543
Overview
Messages
Build Orders
End
Construct Section Command Post
Infantry Section
Infantry Section
Dingo Light Scout Car
Construct Platoon Command Post
Infantry Section
Unlock M3 Stuart Light Tanks
M3 Stuart Light Tank
Selects Indian Artillery Battlegroup
Selects War Cry
Selects Gurkha Rifles Section
M3 Stuart Light Tank
Construct Company Command Post
Gurkha Rifles Section
Matilda II Heavy Tank
Grenade Package
Selects Artillery Saturation
Selects Off-map Airburst Barrage
Foot Guards Section
Foot Guards Section
SneaKerz
gb_gbg
M4X
Morgrock
0
0
Comments
sign in to comment!
No comments posted yet!